 Dungeon Crawl Stone Soup version 0.17-a0-1731-g129c023 (webtiles) character file.

13067 kae the Severer (level 12, -1/116 HPs)
             Began as a Hill Orc Fighter on Aug 29, 2015.
             Was a Believer of Qazlal.
             Slain by an unseen horror (3 damage)
             ... on level 10 of the Dungeon.
             The game lasted 00:10:42 (8849 turns).

kae the Severer (Hill Orc Fighter)                  Turns: 8849, Time: 00:10:42

Health: -1/116     AC: 12    Str: 29    XL:     12   Next: 2%
Magic:  16/17      EV:  7    Int:  8    God:    Qazlal [**....]
Gold:   604        SH: 14    Dex: 13    Spells: 0 memorised, 11 levels left

rFire  . . .     SeeInvis .     a - +1 war axe
rCold  . . .     Clarity  .     b - +0 scale mail
rNeg   . . .     SustAt   .     c - +0 shield
rPois  .         Gourm    .     (no helmet)
rElec  .         Spirit   .     r - +1 cloak
rCorr  .         Warding  .     (no gloves)
rMut   .         Stasis   .     O - +0 pair of boots
MR     +....                    (no amulet)
Stlth  ..........               n - ring of protection from magic
                                y - +3 ring of dexterity

@: mighty, somewhat resistant to hostile enchantments, extremely unstealthy
A: no striking features
a: Upheaval, Renounce Religion


You were on level 10 of the Dungeon.
You worshipped Qazlal.
Qazlal was pleased with you.
You were near starving.

You visited 2 branches of the dungeon, and saw 11 of its levels.

You collected 604 gold pieces.

Inventory:

Hand weapons
 a - a +1 war axe (weapon)
Armour
 b - a +0 scale mail (worn)
 c - a +0 shield (worn)
 r - a +1 cloak (worn)
 O - a +0 pair of boots (worn)
Jewellery
 j - an uncursed ring of positive energy
 n - a ring of protection from magic (right hand)
 w - an uncursed ring of protection from magic
 y - a +3 ring of dexterity (left hand)
 J - an uncursed ring of flight
 L - an uncursed ring of fire
Magical devices
 p - a wand of cold (5)
 q - a wand of confusion (26)
 s - a wand of lightning (9)
 A - a wand of confusion (36)
 C - a wand of disintegration (23)
 E - a wand of flame (21)
 I - a wand of digging (11)
Scrolls
 f - 5 scrolls of remove curse
 g - 6 scrolls of identify
 u - 5 scrolls of teleportation
 B - a scroll of fog
 K - a scroll of enchant armour
 M - a scroll of summoning {unknown}
 N - 3 scrolls of fear
Potions
 d - a potion of might
 e - 3 potions of ambrosia {unknown}
 h - 3 potions of lignification
 i - 3 potions of curing
 l - 2 potions of heal wounds
 m - 2 potions of agility
 o - a potion of brilliance
 v - a potion of mutation
 x - a potion of magic
 F - a potion of flight
 H - a potion of cancellation
Comestibles
 k - 9 fruits
 t - a slice of pizza
 z - 4 bread rations
 D - 2 beef jerkies
 G - 2 meat rations


   Skills:
 - Level 13.8 Fighting
 - Level 16.1 Axes
 - Level 10.1 Armour
 - Level 3.2 Shields
 + Level 6.8 Invocations


You had 11 spell levels left.
You didn't know any spells.

Dungeon Overview and Level Annotations

Branches:
Dungeon (10/15)            Temple (1/1) D:4            Lair (0/8) D:8
    Orc (0/4) D:10

Altars:
Ashenzari
Cheibriados
Dithmenos
Elyvilon
Fedhas
Gozag
Kikubaaqudgha
Makhleb
Nemelex Xobeh
Okawaru
Qazlal
Ru
Sif Muna
Trog
Vehumet
Xom
Yredelemnul
Zin
The Shining One
Beogh

Annotations:
D:8 exclusion: door


Message History

Drink which item? (? for menu, Esc to quit)
You feel much better. Something hits you.
* * * LOW HITPOINT WARNING * * *
The orc warrior hits you with a scimitar!
* * * LOW HITPOINT WARNING * * *
The orc hits you but does no damage.
You hit the orc warrior.
The orc warrior is severely wounded.
You slash the orc!
You kill the orc!
Qazlal accepts your kill.
You slash something! You block its attack. You block the orc warrior's attack.
Unknown command.
You slice the orc warrior!!
You kill the orc warrior!
Qazlal accepts your kill. Something hits you!
* * * LOW HITPOINT WARNING * * *
Something hits you.
You die...

###########
...>......# ##
..........# ...
⌠.._..⌠...# ....
......))).### #...
...8..))))#.# #..#
8#####8@8##.###..#
.........)).....#
#...###.#))....##
.......(...!...##
..
.###.........#### .
#.....###....#
##....####.###.....
.....####.## .#.
.......##..#


There were no monsters in sight!

Vanquished Creatures
  A death yak (D:8)
  A hill giant (D:9)
  An orc knight (D:10)
  An ugly thing (D:10)
  An elephant (D:8)
  Grinder (D:5)
  Prince Ribbit (D:6)
  Sigmund (D:4)
  A wraith (D:9)
  Grum (D:8)
  A hippogriff (D:8)
  4 wolves (D:8)
  6 orc warriors
  4 sky beasts
  2 black bears
  2 ice beasts (D:6)
  5 centaurs
  2 phantoms
  4 ogres
  A giant frog (D:6)
  A scorpion (D:6)
  The ghost of kae the Cudgeler, a weakling DsFi (D:3)
  3 crimson imps
  A giant frog zombie (D:6)
  A jelly (D:9)
  2 centaur zombies
  A centaur skeleton (D:4)
  8 orc wizards
  Crazy Yiuf (D:4)
  4 orc priests
  5 hounds
  4 iguanas
  Natasha (thrice) (D:2)
  8 worker ants
  A killer bee zombie (D:7)
  A sheep (D:8)
  A hound zombie (D:6)
  Robin (D:3)
  14 adders
  A shadow imp (D:5)
  An ooze (D:4)
  An adder skeleton (D:5)
  An adder zombie (D:6)
  3 worms
  8 giant geckos
  52 orcs
  6 bats
  5 giant cockroaches
  11 hobgoblins
  10 jackals
  7 quokkas
  2 ball pythons (D:2)
  2 giant gecko zombies
  3 giant newts
  18 goblins
  7 kobolds
  A quokka skeleton (D:4)
  7 rats
248 creatures vanquished.

Vanquished Creatures (others)
  A crocodile (D:8)
  5 toadstools (D:1)
6 creatures vanquished.

Grand Total: 254 creatures vanquished

Notes
Turn   | Place    | Note
--------------------------------------------------------------
     0 | D:1      | kae the Hill Orc Fighter began the quest for the Orb.
     0 | D:1      | Reached XP level 1. HP: 19/19 MP: 1/1
   144 | D:1      | Reached XP level 2. HP: 26/26 MP: 2/2
   209 | D:1      | Reached skill level 4 in Axes
   647 | D:2      | Reached XP level 3. HP: 23/31 MP: 3/3
   742 | D:2      | Noticed Natasha
   755 | D:2      | Killed Natasha
   755 | D:2      | Reached skill level 5 in Axes
   755 | D:2      | Reached XP level 4. HP: 23/39 MP: 4/4
  1001 | D:2      | Reached skill level 6 in Axes
  1129 | D:2      | Noticed Natasha
  1131 | D:2      | Killed Natasha
  1134 | D:2      | Noticed Natasha
  1147 | D:2      | Killed Natasha
  1469 | D:3      | Reached XP level 5. HP: 40/45 MP: 5/5
  1551 | D:3      | Noticed Robin
  1567 | D:3      | Killed Robin
  1567 | D:3      | Reached skill level 7 in Axes
  1809 | D:3      | Reached skill level 8 in Axes
  1813 | D:3      | Noticed kae's ghost (weakling DsFi)
  1821 | D:3      | Killed kae's ghost
  1821 | D:3      | Reached XP level 6. HP: 47/51 MP: 6/6
  2273 | D:4      | Reached skill level 9 in Axes
  2498 | D:4      | Found a staircase to the Ecumenical Temple.
  2593 | Temple   | Entered the Ecumenical Temple
  2766 | D:4      | Reached XP level 7. HP: 49/57 MP: 7/7
  2910 | D:4      | Noticed Sigmund
  2922 | D:4      | Killed Sigmund
  2922 | D:4      | Reached skill level 10 in Axes
  3139 | D:4      | Noticed Crazy Yiuf
  3143 | D:4      | Killed Crazy Yiuf
  3188 | D:4      | Reached skill level 11 in Axes
  3529 | D:5      | Entered Level 5 of the Dungeon
  3549 | D:5      | Reached XP level 8. HP: 57/64 MP: 8/8
  3627 | D:5      | Noticed Grinder
  3642 | D:5      | Reached skill level 12 in Axes
  3662 | D:5      | Killed Grinder
  3945 | D:5      | Reached skill level 13 in Axes
  4282 | D:5      | Reached XP level 9. HP: 66/70 MP: 9/9
  4337 | D:5      | Reached skill level 14 in Axes
  4763 | D:6      | Noticed Prince Ribbit
  4792 | D:6      | Killed Prince Ribbit
  4979 | D:6      | Reached XP level 10. HP: 72/102 MP: 10/10
  4980 | D:6      | Reached skill level 10 in Armour
  4980 | D:6      | Reached XP level 11. HP: 76/108 MP: 11/11
  5361 | D:6      | Found a stormy altar of Qazlal.
  5390 | D:6      | Found a bloodstained altar of Trog.
  5393 | D:6      | Found an ancient bone altar of Kikubaaqudgha.
  5394 | D:6      | Found a sparkling altar of Nemelex Xobeh.
  5399 | D:6      | Became a worshipper of Qazlal Stormbringer
  5402 | D:6      | Found a shattered altar of Ashenzari.
  5402 | D:6      | Found a burning altar of Makhleb.
  5402 | D:6      | Found a glowing silver altar of Zin.
  5402 | D:6      | Found an iron altar of Okawaru.
  5404 | D:6      | Found a basalt altar of Yredelemnul.
  5832 | D:7      | Reached skill level 15 in Axes
  6666 | D:8      | Noticed Grum
  6678 | D:8      | Acquired Qazlal's first power
  6686 | D:8      | Killed Grum
  6878 | D:8      | Found a staircase to the Lair.
  6915 | D:8      | Noticed a death yak
  6926 | D:8      | Killed a death yak
  6926 | D:8      | Reached skill level 16 in Axes
  6932 | D:8      | Found a deep blue altar of Sif Muna.
  7334 | D:8      | Reached skill level 1 in Invocations
  7981 | D:9      | Noticed a hill giant
  7993 | D:9      | Killed a hill giant
  7993 | D:9      | Acquired Qazlal's second power
  8272 | D:9      | Found a stormy altar of Qazlal.
  8513 | D:9      | Reached skill level 5 in Invocations
  8795 | D:10     | Entered Level 10 of the Dungeon
  8814 | D:10     | Noticed an orc knight
  8819 | D:10     | Found a roughly hewn altar of Beogh.
  8819 | D:10     | Found a staircase to the Orcish Mines.
  8827 | D:10     | Killed an orc knight
  8837 | D:10     | Reached XP level 12. HP: 36/116 MP: 15/17
  8844 | D:10     | HP: 3/116 [something (4)]
  8845 | D:10     | HP: 1/116 [something (2)]
  8849 | D:10     | Slain by an unseen horror

Vault maps used:
D:1:      ldierk_walled_garden, roderic_st_hans_cross,
          hangedman_decor_peaks_small
D:2:      serial_glass, glass_columns_a, glass_columns_c, glass_columns_b,
          glass_columns_a, glass_columns_b, glass_columns_a, glass_columns_b,
          glass_columns_a, glass_columns_a, glass_columns_b, feat_on_display,
          due_unseen_surprise, first_bread, uniq_natasha
D:3:      kennysheep_goblin_castle, minmay_misc_feat_secret_circle
D:4:      minmay_temple_entry_trees, uniq_crazy_yiuf_cottage, uniq_sigmund
D:5:      hangedman_decor_clover_reticule, uniq_grinder
D:6:      minitemple, uniq_prince_ribbit1
D:8:      david_lair_generic, led_sif_book, uniq_grum
D:9:      basic_altar
D:10:     david_orc_5, serial_shops, shop, shop, shop, shop, shop,
          hangedman_tell_no_tales, minmay_holes, uniq_joseph
Temple:   roderic_octagonal_lattice_temple

Action                   |  1- 3 |  4- 6 |  7- 9 | 10-12 || total
-------------------------+-------+-------+-------+-------++-------
Melee: War axe           |    74 |   194 |   185 |   324 ||   777
  Use: Scroll            |       |     7 |     9 |     7 ||    23
       Potion            |       |       |     3 |     4 ||     7
  Eat: Chunk             |       |     5 |     7 |     8 ||    20
       Bread ration      |       |       |       |     1 ||     1
